AoeStats
← perromelocoton

MegaRandom

506616363Analyzed
1v1 RM · 16d ago on Sep 14, 2026· 18m 49s· 2 players
Game mode
Random Map
Map size
Tiny (2 player)
Population
200
Speed
Normal
Resources
Standard
Victory
Conquest
Starting age
Dark Age
Ending age
Imperial Age
RankedLock teamsTeams togetherTeam positionsShared explorationLock speedFull tech treeHidden civsTurbo modeCheats
Victory
Defeat
🇩🇪 Teutons · Germany
922
+15
🇪🇸 Gurjaras · Spain
892
-15
perromelocoton
0:31 Loom
8:26 Feudal Age
15:37 Castle Age
15:43 Double-Bit Axe
Bodybuilder94
5:20 Loom
8:37 Feudal Age
9:06 Double-Bit Axe
16:25 Castle Age
14:32 Horse Collar
14:20 Man-at-Arms
15:18 Gold Mining
17:14 Squires
17:22 Long Swordsman
Connection lost

Rejoining the realm…

Still unreachable

The connection could not be restored.

Session expired

The server has moved on; the page needs a fresh start.